TOP OF THE 1ST |
Gresham Gold Souls batting - Pitching for Las Vegas Stars : LHP Carlos Castillo
|
Pitching: LHP Carlos Castillo
|
|
Batting: RHB Elpidio Martinho
|
0-0: Ball 1-0: Called Strike 1-1: Ball 2-1: Ball 3-1: Base on Balls
|
Batting: RHB Pablo Castillo
|
0-0: Grounds into double play, 5-4-3 (Groundball, 56)
|
Batting: RHB Mario Méndez
|
0-0: Called Strike 0-1: Ball 1-1: Ball 2-1: TRIPLE (Groundball, 3L)
|
Batting: LHB Bill Smith
|
0-0: Called Strike 0-1: Foul Ball, location: 2F 0-2: Ball 1-2: Ball 2-2: Strikes out looking
|
Top of the 1st over - 0 run(s), 1 hit(s), 0 error(s), 1 left on base; Gresham 0 - Las Vegas 0 |
BOTTOM OF THE 1ST |
Las Vegas Stars batting - Pitching for Gresham Gold Souls : LHP Francisco Nieto
|
Pitching: LHP Francisco Nieto
|
|
Batting: SHB Júlio Salazar
|
0-0: Swinging Strike 0-1: Ball 1-1: Bunted foul 1-2: Foul Ball, location: 2F 1-2: Ball 2-2: Ball 3-2: Base on Balls
|
Batting: RHB Pedro Mata
|
0-0: Ball 1-0: Ball 2-0: Called Strike 2-1: Foul Ball, location: 2F 2-2: Foul Ball, location: 2F 2-2: Foul Ball, location: 2F 2-2: Foul Ball, location: 2F 2-2: Ball 3-2: Foul Ball, location: 2F 3-2: Fly out, F9 (Line Drive, 9)
|
Batting: SHB Chris Bennis
|
0-0: Fly out, F9 (Flyball, 89M)
|
Batting: LHB Terry White
|
0-0: Foul Ball, location: 2F 0-1: Called Strike 0-2: Ball 1-2: Foul Ball, location: 2F 1-2: SINGLE (Groundball, 4S) (infield hit) Júlio Salazar to second
|
Batting: LHB Bryan Foster
|
0-0: Ball 1-0: Fly out, F7 (Flyball, 7)
|
Bottom of the 1st over - 0 run(s), 1 hit(s), 0 error(s), 2 left on base; Gresham 0 - Las Vegas 0 |
TOP OF THE 2ND |
Gresham Gold Souls batting - Pitching for Las Vegas Stars : LHP Carlos Castillo
|
Batting: LHB Millard Dye
|
0-0: Called Strike 0-1: Called Strike 0-2: Foul Ball, location: 2F 0-2: Ball 1-2: Strikes out swinging
|
Batting: SHB Todd Smith
|
0-0: Ball 1-0: Ball 2-0: Called Strike 2-1: Ball 3-1: Fly out, F9 (Flyball, 9)
|
Batting: RHB Matt Davidson
|
0-0: Ball 1-0: Foul Ball, location: 2F 1-1: Ball 2-1: Ball 3-1: Called Strike 3-2: Base on Balls
|
Batting: RHB Brian Dixon
|
0-0: Ball 1-0: Fielders Choice at 2nd, 6-4 (Groundball, 56)
|
Top of the 2nd over - 0 run(s), 0 hit(s), 0 error(s), 0 left on base; Gresham 0 - Las Vegas 0 |
BOTTOM OF THE 2ND |
Las Vegas Stars batting - Pitching for Gresham Gold Souls : LHP Francisco Nieto
|
Batting: RHB Bobby Miller
|
0-0: Ball 1-0: Called Strike 1-1: Called Strike 1-2: Ground out 6-3 (Groundball, 6)
|
Batting: LHB Ethan Marshall
|
0-0: Foul Ball, location: 2F 0-1: Ball 1-1: Ball 2-1: Swinging Strike 2-2: Foul Ball, location: 2F 2-2: Strikes out looking
|
Batting: RHB Luis Bustamante
|
0-0: Ball 1-0: Ball 2-0: Called Strike 2-1: Called Strike 2-2: Fly out, F9 (Flyball, 9S)
|
Bottom of the 2nd over - 0 run(s), 0 hit(s), 0 error(s), 0 left on base; Gresham 0 - Las Vegas 0 |
TOP OF THE 3RD |
Gresham Gold Souls batting - Pitching for Las Vegas Stars : LHP Carlos Castillo
|
Batting: RHB Gustavo Pagán
|
0-0: Foul Ball, location: 2F 0-1: TRIPLE (Line Drive, 7LM)
|
Batting: RHB Elpidio Martinho
|
0-0: Called Strike 0-1: Ball 1-1: Called Strike 1-2: Foul Ball, location: 2F 1-2: Ball 2-2: SINGLE (Groundball, 56D) Gustavo Pagán scores
|
Batting: RHB Pablo Castillo
|
0-0: Called Strike 0-1: Swinging Strike 0-2: Ball 1-2: Foul Ball, location: 2F 1-2: Ball 2-2: Ball 3-2: Base on Balls Elpidio Martinho to second
|
Batting: RHB Mario Méndez
|
0-0: Ball Pablo Castillo is caught stealing 2nd base 1-0: Foul Ball, location: 2F 1-1: Ball 2-1: Ground out 6-3 (Groundball, 6M) Elpidio Martinho scores
|
Batting: LHB Bill Smith
|
0-0: Ball 1-0: Called Strike 1-1: Called Strike 1-2: Ball 2-2: Ground out 1-3 (Groundball, 13S)
|
Top of the 3rd over - 2 run(s), 2 hit(s), 0 error(s), 0 left on base; Gresham 2 - Las Vegas 0 |
BOTTOM OF THE 3RD |
Las Vegas Stars batting - Pitching for Gresham Gold Souls : LHP Francisco Nieto
|
Batting: RHB José Pinto
|
0-0: Ball 1-0: Ball 2-0: Foul Ball, location: 2F 2-1: DOUBLE (Line Drive, 9LM)
|
Batting: SHB Júlio Salazar
|
0-0: Foul Ball, location: 2F 0-1: Ball 1-1: 2-RUN HOME RUN (Flyball, 78XD), Distance : 423 ft
|
Batting: RHB Pedro Mata
|
0-0: Ball 1-0: Ball 2-0: Foul Ball, location: 2F 2-1: Ball 3-1: Base on Balls
|
Batting: SHB Chris Bennis
|
0-0: Called Strike 0-1: Ball 1-1: Fly out, F8 (Flyball, 89M)
|
Batting: LHB Terry White
|
0-0: Ball Pedro Mata is caught stealing 2nd base 1-0: Ball 2-0: Ball 3-0: Called Strike 3-1: Called Strike 3-2: Strikes out swinging
|
Bottom of the 3rd over - 2 run(s), 2 hit(s), 0 error(s), 0 left on base; Gresham 2 - Las Vegas 2 |
TOP OF THE 4TH |
Gresham Gold Souls batting - Pitching for Las Vegas Stars : LHP Carlos Castillo
|
Batting: LHB Millard Dye
|
0-0: Ball 1-0: Ball 2-0: Swinging Strike 2-1: Foul Ball, location: 2F 2-2: Ball 3-2: Base on Balls
|
Batting: SHB Todd Smith
|
0-0: Swinging Strike 0-1: Foul Ball, location: 2F 0-2: SINGLE (Groundball, 34D) Millard Dye to second
|
Batting: RHB Matt Davidson
|
0-0: Called Strike 0-1: Swinging Strike 0-2: Ball 1-2: Foul Ball, location: 2F 1-2: Ball 2-2: Foul Ball, location: 2F 2-2: Ball 3-2: Grounds into double play, 6-4-3 (Groundball, 6) Millard Dye to third
|
Batting: RHB Brian Dixon
|
0-0: DOUBLE (Flyball, 8LD) Millard Dye scores
|
Pitching: RHP Blake Koepke
|
|
Batting: RHB Gustavo Pagán
|
0-0: Ball 1-0: Ball 2-0: Called Strike 2-1: Foul Ball, location: 2F 2-2: Strikes out swinging
|
Top of the 4th over - 1 run(s), 2 hit(s), 0 error(s), 1 left on base; Gresham 3 - Las Vegas 2 |
BOTTOM OF THE 4TH |
Las Vegas Stars batting - Pitching for Gresham Gold Souls : LHP Francisco Nieto
|
Batting: LHB Bryan Foster
|
0-0: Called Strike 0-1: DOUBLE (Groundball, 3L)
|
Pitching: RHP David Green
|
|
Batting: RHB Bobby Miller
|
0-0: Ball 1-0: Ball 2-0: Ball 3-0: Base on Balls
|
Batting: LHB Ethan Marshall
|
0-0: Ball 1-0: Foul Ball, location: 2F 1-1: Swinging Strike 1-2: Strikes out swinging
|
Batting: RHB Luis Bustamante
|
0-0: Ball 1-0: Called Strike 1-1: Ball 2-1: SINGLE (Groundball, 6MD) Bryan Foster to third Bobby Miller to second Runner from 3rd tries for Home, throw and OUT!
|
Batting: RHB José Pinto
|
0-0: Ball 1-0: Ball 2-0: Foul Ball, location: 2F 2-1: Called Strike 2-2: Ball 3-2: Strikes out looking
|
Bottom of the 4th over - 0 run(s), 2 hit(s), 0 error(s), 2 left on base; Gresham 3 - Las Vegas 2 |
TOP OF THE 5TH |
Gresham Gold Souls batting - Pitching for Las Vegas Stars : RHP Blake Koepke
|
Batting: RHB Elpidio Martinho
|
0-0: Ball 1-0: SINGLE (Line Drive, 8RS)
|
Batting: RHB Pablo Castillo
|
0-0: Ball Elpidio Martinho steals 2nd base 1-0: Ball 2-0: Foul Ball, location: 2F 2-1: Ball 3-1: Swinging Strike 3-2: Foul Ball, location: 2F 3-2: Base on Balls
|
Batting: RHB Mario Méndez
|
0-0: Called Strike 0-1: Swinging Strike 0-2: Foul Ball, location: 2F 0-2: Strikes out looking
|
Batting: LHB Bill Smith
|
0-0: Called Strike 0-1: Foul Ball, location: 2F 0-2: Grounds into double play, 4-6-3 (Groundball, 4)
|
Top of the 5th over - 0 run(s), 1 hit(s), 0 error(s), 1 left on base; Gresham 3 - Las Vegas 2 |
BOTTOM OF THE 5TH |
Las Vegas Stars batting - Pitching for Gresham Gold Souls : RHP David Green
|
Batting: SHB Júlio Salazar
|
0-0: Ball 1-0: Ball 2-0: Ball 3-0: Called Strike 3-1: Base on Balls
|
Batting: RHB Pedro Mata
|
0-0: Called Strike 0-1: Ball 1-1: Called Strike Júlio Salazar steals 2nd base 1-2: SINGLE (Groundball, 6S) (infield hit) Júlio Salazar to third
|
Batting: SHB Chris Bennis
|
0-0: Ball 1-0: Grounds into double play, 4-6-3 (Groundball, 4) Júlio Salazar scores
|
Batting: LHB Terry White
|
0-0: Called Strike 0-1: Foul Ball, location: 2F 0-2: Ground out 3-1 (Groundball, 34)
|
Bottom of the 5th over - 1 run(s), 1 hit(s), 0 error(s), 0 left on base; Gresham 3 - Las Vegas 3 |
TOP OF THE 6TH |
Gresham Gold Souls batting - Pitching for Las Vegas Stars : RHP Blake Koepke
|
Batting: LHB Millard Dye
|
0-0: Swinging Strike 0-1: Swinging Strike 0-2: Strikes out looking
|
Batting: SHB Todd Smith
|
0-0: Ball 1-0: DOUBLE (Line Drive, 78M)
|
Batting: RHB Matt Davidson
|
0-0: Ball 1-0: Called Strike 1-1: Called Strike 1-2: Ball 2-2: Ball 3-2: Strikes out swinging
|
Batting: RHB Brian Dixon
|
0-0: Ball 1-0: Ball 2-0: Ball 3-0: Called Strike 3-1: 2-RUN HOME RUN (Line Drive, 7D), Distance : 407 ft
|
Pitching: RHP Terry Adams
|
|
Batting: RHB Gustavo Pagán
|
0-0: Swinging Strike 0-1: Ball 1-1: Ball 2-1: Foul Ball, location: 2F 2-2: Foul Ball, location: 2F 2-2: Strikes out swinging
|
Top of the 6th over - 2 run(s), 2 hit(s), 0 error(s), 0 left on base; Gresham 5 - Las Vegas 3 |
BOTTOM OF THE 6TH |
Las Vegas Stars batting - Pitching for Gresham Gold Souls : RHP David Green
|
Batting: LHB Bryan Foster
|
0-0: Fly out, F9 (Flyball, 9S)
|
Batting: RHB Bobby Miller
|
0-0: Ball 1-0: Called Strike 1-1: Foul Ball, location: 2F 1-2: Strikes out swinging
|
Batting: LHB Ethan Marshall
|
0-0: Foul Ball, location: 2F 0-1: Ground out 4-3 (Groundball, 34D)
|
Bottom of the 6th over - 0 run(s), 0 hit(s), 0 error(s), 0 left on base; Gresham 5 - Las Vegas 3 |
TOP OF THE 7TH |
Gresham Gold Souls batting - Pitching for Las Vegas Stars : RHP Terry Adams
|
Batting: RHB Elpidio Martinho
|
0-0: Foul Ball, location: 2F 0-1: Swinging Strike 0-2: Ball 1-2: Ball 2-2: Foul Ball, location: 2F 2-2: Strikes out looking
|
Batting: RHB Pablo Castillo
|
0-0: Foul Ball, location: 2F 0-1: Fly out, F7 (Flyball, 7D)
|
Batting: RHB Mario Méndez
|
0-0: Called Strike 0-1: Fly out, F2 (Popup, 23)
|
Top of the 7th over - 0 run(s), 0 hit(s), 0 error(s), 0 left on base; Gresham 5 - Las Vegas 3 |
BOTTOM OF THE 7TH |
Las Vegas Stars batting - Pitching for Gresham Gold Souls : RHP David Green
|
Batting: RHB Luis Bustamante
|
0-0: Swinging Strike 0-1: Swinging Strike 0-2: Ball 1-2: Strikes out swinging
|
Batting: RHB José Pinto
|
0-0: Called Strike 0-1: Ball 1-1: Called Strike 1-2: Ball 2-2: Foul Ball, location: 2F 2-2: Ball 3-2: Base on Balls
|
Batting: SHB Júlio Salazar
|
0-0: Swinging Strike 0-1: Fly out, F9 (Flyball, 89M)
|
Batting: RHB Pedro Mata
|
0-0: Fielders Choice at 2nd, 6-4 (Groundball, 6)
|
Bottom of the 7th over - 0 run(s), 0 hit(s), 0 error(s), 0 left on base; Gresham 5 - Las Vegas 3 |
TOP OF THE 8TH |
Gresham Gold Souls batting - Pitching for Las Vegas Stars : RHP Terry Adams
|
Batting: LHB Bill Smith
|
0-0: SOLO HOME RUN (Flyball, 8RXD), Distance : 426 ft
|
Batting: LHB Millard Dye
|
0-0: Called Strike 0-1: Ground out 5-3 (Groundball, 56S)
|
Batting: SHB Todd Smith
|
0-0: Ball 1-0: Foul Ball, location: 2F 1-1: Fly out, F8 (Line Drive, 8RD)
|
Batting: RHB Matt Davidson
|
0-0: Ball 1-0: Called Strike 1-1: Foul Ball, location: 2F 1-2: Ball 2-2: Foul Ball, location: 2F 2-2: SINGLE (Line Drive, 4D)
|
Batting: RHB Brian Dixon
|
0-0: Called Strike 0-1: Fly out, F9 (Flyball, 9LM)
|
Top of the 8th over - 1 run(s), 2 hit(s), 0 error(s), 1 left on base; Gresham 6 - Las Vegas 3 |
BOTTOM OF THE 8TH |
Las Vegas Stars batting - Pitching for Gresham Gold Souls : RHP David Green
|
Batting: SHB Chris Bennis
|
0-0: Ground out 5-3 (Groundball, 5)
|
Batting: LHB Terry White
|
0-0: Called Strike 0-1: Ball 1-1: Swinging Strike 1-2: Ball 2-2: Ball 3-2: Strikes out looking
|
Batting: LHB Bryan Foster
|
0-0: Ball 1-0: Ball 2-0: Ball 3-0: Called Strike 3-1: Foul Ball, location: 2F 3-2: DOUBLE (Line Drive, 9LM)
|
Pitching: RHP Taylor Bowen
|
|
Batting: RHB Bobby Miller
|
0-0: Ball 1-0: Called Strike 1-1: Foul Ball, location: 2F 1-2: Ball 2-2: Fly out, F7 (Line Drive, 7)
|
Bottom of the 8th over - 0 run(s), 1 hit(s), 0 error(s), 1 left on base; Gresham 6 - Las Vegas 3 |
TOP OF THE 9TH |
Gresham Gold Souls batting - Pitching for Las Vegas Stars : RHP Terry Adams
|
Batting: RHB Gustavo Pagán
|
0-0: Foul Ball, location: 2F 0-1: Fly out, F6 (Popup, 6D)
|
Batting: RHB Elpidio Martinho
|
0-0: Called Strike 0-1: Swinging Strike 0-2: Ball 1-2: Strikes out swinging
|
Batting: RHB Pablo Castillo
|
0-0: Ground out 6-3 (Groundball, 6)
|
Top of the 9th over - 0 run(s), 0 hit(s), 0 error(s), 0 left on base; Gresham 6 - Las Vegas 3 |
BOTTOM OF THE 9TH |
Las Vegas Stars batting - Pitching for Gresham Gold Souls : RHP Taylor Bowen
|
Pitching: RHP Eusébio Lagarto
|
|
Batting: LHB Ethan Marshall
|
0-0: Foul Ball, location: 2F 0-1: Fly out, F8 (Flyball, 8RS)
|
Batting: RHB Luis Bustamante
|
0-0: Called Strike 0-1: Foul Ball, location: 2F 0-2: Foul Ball, location: 2F 0-2: Ball 1-2: Ball 2-2: Strikes out swinging
|
Batting: RHB José Pinto
|
0-0: Called Strike 0-1: Ball 1-1: Ball 2-1: Fly out, F9 (Flyball, 9S)
|
Bottom of the 9th over - 0 run(s), 0 hit(s), 0 error(s), 0 left on base; Gresham 6 - Las Vegas 3 |
|